 Dungeon Crawl Stone Soup version 0.28-a0-390-gb254ac4902 (webtiles) character file.

Game seed: 15751581140624830170

79 omnomnOMINOUS the Skirmisher (level 4, -1/40 HPs)
             Began as an Octopode Wanderer on Sept 3, 2021.
             Was a Follower of Hepliaklqana.
             Slain by an orc wizard (2 damage)
             ... on level 3 of the Dungeon.
             The game lasted 00:07:07 (2946 turns).

omnomnOMINOUS the Skirmisher (Octopode Wanderer)    Turns: 2946, Time: 00:07:07

Health: -1/40      AC: 22    Str: 12    XL:     4   Next: 37%
Magic:  0/7        EV:  2    Int: 15    God:    Hepliaklqana [*.....]
Gold:   74         SH:  0    Dex: 10    Spells: 7/8 levels left

rFire   . . .      SeeInvis .   a - +0 club
rCold   . . .      Faith    .   (no shield)
rNeg    + + +      Spirit   +   (helmet currently unavailable)
rPois   +          Reflect  .   j - amulet of guardian spirit
rElec   .          Harm     .   (no ring)
rCorr   .          Rampage  .   (no ring)
Will    .....      NoTele   +   (no ring)
Stlth   +.........              (no ring)
HPRegen 0.13/turn               (no ring)
MPRegen 0.10/turn               (no ring)
                                (no ring)
                                (no ring)

@: tree-form
A: stationary, stasis, torment immunity, boosted hp, reduced essence, almost no
armour, (amphibious), 8 rings, (camouflage 1), (gelatinous body 1), (nimble
swimmer 1), (tentacles), (tentacle spike 2), screaming 1, MP-powered wands
a: Renounce Religion, Recall Ancestor, Ancestor Identity


You were on level 3 of the Dungeon.
You worshipped Hepliaklqana.
Hepliaklqana was aware of your devotion.
You were a tree.
You visited 1 branch of the dungeon, and saw 3 of its levels.

You collected 74 gold pieces.

Inventory:

Hand Weapons
 a - a +0 club (weapon)
Jewellery
 j - an amulet of guardian spirit (around neck)
Scrolls
 c - a scroll of noise {unknown}
 d - a scroll of brand weapon {unknown}
 e - 3 scrolls of identify {unknown}
 h - 2 scrolls of amnesia {unknown}
 i - 3 scrolls of blinking {unknown}
 k - a scroll of enchant weapon {unknown}


   Skills:
 + Level 3.2 Fighting
 + Level 3.1 Dodging
 - Level 1.3 Stealth
 * Level 2.5 Spellcasting
 - Level 2.0 Necromancy
 - Level 1.0 Ice Magic
 - Level 1.1 Evocations


You had 7 spell levels left.
You knew the following spells:

 Your Spells              Type           Power      Damage    Failure   Level
a - Magic Dart            Conj           4%         1d3       22%         1

Your spell library contained the following spells:

 Spells                   Type           Power      Damage    Failure   Level
 Animate Skeleton         Necr           14%        N/A       10%         1
 Pain                     Necr           28%        1d5       10%         1
 Sublimation of Blood     Necr           3%         N/A       14%         2
 Corpse Rot               Necr/Air       N/A        N/A       22%         2
 Vampiric Draining        Necr           3%         2d6       28%         3
 Blink                    Tloc           N/A        N/A       32%         2
 Call Imp                 Summ           1%         N/A       32%         2
 Slow                     Hex            1%         N/A       32%         2
 Conjure Flame            Conj/Fire      1%         6-21      54%         3
 Mephitic Cloud           Conj/Pois/Air  1%         N/A       54%         3


Dungeon Overview and Level Annotations

Branches:
Dungeon (3/15)

Altars:
Hepliaklqana


Innate Abilities, Weirdness & Mutations

You are a tree.
Your roots penetrate the ground, keeping you stationary.
You cannot be teleported.
You are immune to unholy pain and torment.
Your maximum health is greatly increased.
Your life essence is reduced to manifest your ancestor. (-10% HP)
You cannot wear most types of armour.
((You are amphibious.))
You can wear up to eight rings at the same time.
((Your skin changes colour to match your surroundings (Stealth+).))
((Your rubbery body absorbs attacks. (AC +1, EV +1)))
((You are camouflaged near water. (Stealth+)))
((You have tentacles for arms and can constrict up to eight enemies at once.))
((One of your tentacles bears a nasty spike.))
You occasionally shout uncontrollably at your foes.
You expend magic power (3 MP) to strengthen your wands.


Message History

* * * LOW HITPOINT WARNING * * *
You see here a +0 hand axe.
Really quaff the potion of lignification?
You turn into a tree.
Your roots penetrate the ground.
The orc priest hits you with a +1 trident of holy wrath.
* * * LOW HITPOINT WARNING * * *
The orc hits you but does no damage. Something hits you but does no damage.
Unknown command.
You barely miss the orc priest.
The orc priest is heavily wounded.
The orc priest hits you but does no damage.
The orc hits you but does no damage. The dart slug launches a dart at you.
The slug dart hits you but does no damage.
You hear some strange, mumbled words.
Something tries to affect you, but you resist.
You closely miss the orc priest.
The orc priest is heavily wounded.
The orc priest hits you but does no damage.
The orc hits you with a +0 hand axe.
* * * LOW HITPOINT WARNING * * *
Something hits you but does no damage. The dart slug bites you.
* * * LOW HITPOINT WARNING * * *
The orc priest hits you but does no damage.
The orc hits you but does no damage.
It was a potion of mutation.
You feel extremely strange.
One of your lower tentacles grows a sharp spike.
You feel the urge to shout.
Your tentacle spike grows bigger.
You feel your magical essence link to the dungeon's wands.
Something hits you but does no damage.
The orc priest calls upon Beogh to heal the orc.
The orc's wounds heal themselves!
The dart slug launches a dart at you.
The slug dart hits you but does no damage.
The orc hits you with a +0 hand axe.
* * * LOW HITPOINT WARNING * * *
You hit the orc priest but do no damage.
The orc priest is heavily wounded.
Something hits you.
You die...

........#..........##.......#
........#..........#####....#
........'..........>.).'....#
.......)#...........####....#
........#...........# #.....
........#...)......## ####...
######+##..........# #......
#..oo......# #......
#..{♣......# #......
#..w.......# #....##
#..........# #....#
#..........####....#
#............##....#
#............##....#
##########...# #...# #...#


You could see an orc priest, a dart slug and an orc.

Vanquished Creatures
  2 dart slugs
  5 orcs (D:3)
  2 bats
  2 endoplasms
  3 giant cockroaches
  2 goblins
  2 hobgoblins (D:2)
  4 kobolds
  4 quokkas
  3 ball pythons
  3 frilled lizards
  4 rats
36 creatures vanquished.

Vanquished Creatures (collateral kills)
  2 adders
  A worm (D:2)
  A dart slug (D:3)
  2 orcs (D:3)
  A goblin (D:2)
  A bat (D:3)
  A frilled lizard (D:3)
9 creatures vanquished.

Vanquished Creatures (others)
  2 ancestors (D:3)
2 creatures vanquished.

Grand Total: 47 creatures vanquished

Notes
Turn   | Place    | Note
-------+----------+-------------------------------------------
     0 | D:1      | omnomnOMINOUS the Octopode Wanderer began the quest for the
                  | Orb.
     0 | D:1      | omnomnOMINOUS set off with the following items: a +0 club,
                  | a potion of lignification; and the following spell
                  | memorised: Magic Dart; and the following spells available
                  | to memorise: Sublimation of Blood, Corpse Rot, Blink, Call
                  | Imp, Slow, Conjure Flame, Mephitic Cloud
     0 | D:1      | Reached XP level 1. HP: 16/16 MP: 3/3
   321 | D:1      | Reached skill level 1 in Dodging
   644 | D:1      | Reached XP level 2. HP: 21/21 MP: 0/5
  1003 | D:1      | Found a faded altar of an unknown god.
  1007 | D:1      | Became a worshipper of Hepliaklqana the Forgotten
  1007 | D:1      | Reached * piety under Hepliaklqana
  1275 | D:2      | Reached XP level 3. HP: 21/23 MP: 3/6
  2560 | D:3      | Reached XP level 4. HP: 25/27 MP: 5/7
  2945 | D:3      | Gained mutation: One of your tentacles bears a spike.
                  | [potion of mutation]
  2945 | D:3      | Gained mutation: You occasionally shout uncontrollably at
                  | your foes. [potion of mutation]
  2945 | D:3      | Gained mutation: One of your tentacles bears a nasty spike.
                  | [potion of mutation]
  2945 | D:3      | Gained mutation: You expend magic power (3 MP) to
                  | strengthen your wands. [potion of mutation]
  2945 | D:3      | HP: 1/40 [orc (3)]
  2946 | D:3      | Slain by an orc wizard

Illustrated notes

Levels and vault maps discovered:
D:1:      dpeg_arrival_lava_temple_mockup, layout_loops_ring,
          hellmonk_ecumenical_altar_heavens_door
D:2:      layout_loops_cross, minmay_misc_feat_iff, kennysheep_generic_room_8
D:3:      layout_basic, ebering_ghost_inner_flame

Skill      XL: |  1  2  3 |
---------------+----------+-----
Dodging        | 1 2 3 |  3.1
Fighting       | |  3.2
Stealth        | |  1.3
Spellcasting   | |  2.5
Necromancy     | |  2.0
Ice Magic      | |  1.0
Evocations     | |  1.1

Action                   |  1- 3 |  4- 6 || total
-------------------------+-------+-------++-------
Melee: Club              |    64 |    31 ||    95
       Constrict         |    16 |     7 ||    23
       Tentacles         |    12 |     2 ||    14
 Cast: Magic Dart        |    21 |    17 ||    38
Invok: Ancestor Identity |     1 |       ||     1
       Recall Ancestor   |     1 |       ||     1
  Use: Potion            |       |     3 ||     3
 Stab: Sleeping          |     9 |       ||     9
Armor: Skin              |    11 |    14 ||    25
Dodge: Dodged            |    57 |    21 ||    78

Table legend: (Time is in decaauts)
 A = Elapsed time spent in this place.
 B = Non-inter-level travel time spent in this place.
 C = Inter-level travel time spent in this place.
 D = Time resting spent in this place.
 E = Time spent auto-exploring this place.
 F = Levels seen in this place.
 G = Mean time per level.
                   A        B        C        D        E       F      G
               +--------+--------+--------+--------+--------+-----+--------+
         Total |   2974 |   2929 |     45 |   1092 |   1419 |   3 |  991.3 |
       Dungeon |   2974 |   2929 |     45 |   1092 |   1419 |   3 |  991.3 |
               +--------+--------+--------+--------+--------+-----+--------+

Top non-repeatable levels by time:
     D:2: 1316 daAuts
     D:1: 1186 daAuts
     D:3: 472 daAuts
